[Event "*** Titled Tuesday Blitz"]
[Site "Chess.com"]
[Date "2019.06.04"]
[Round "4"]
[White "King_of_the_wing"]
[Black "dopolian"]
[Result "1-0"]
[WhiteElo "2191"]
[BlackElo "2252"]
[TimeControl "180+2"]
[EndTime "13:51:00 PDT"]
[Termination "King_of_the_wing won by resignation"]

1. e4 e5 2. Nf3 Nc6 3. Bc4 Bc5 4. c3 Nf6 5. d3 O-O 6. Nbd2 d5 7. exd5 Nxd5 8. Ne4 Bb6 9. O-O Bg4 10. h3 Bh5 11.
Ng3 Bg6 12. a4 a5 13. Qb3 Nf4 14. Bxf4 exf4 15. Ne4 Bxe4 16. dxe4 Qf6 17. Rfe1 Rae8 18. Bb5 Ne5 19. Bxe8 Nxf3+ 20. gxf3 Qg5+ 21. Kf1 Qh4 22. Bxf7+ Rxf7 23. Qc2 Qxh3+ 24. Ke2 Qh4 25. Rf1 Rf6 26. Qb3+ Kh8 27. Rad1 h6 28. Rd8+ Kh7 29. Qg8+ Kg6 30.
Rg1+ Kh5 31. Rd5+ g5 32. Qe8+ Rg6 33. Rg2 Qh3 34. Rg4 Qh2 35. Rdxg5+ hxg5 36. Rxg5+ Kh6 1-0

[Event "*** Titled Tuesday Blitz"]
[Site "Chess.com"]
[Date "2019.06.04"]
[Round "4"]
[White "enriquetejedor"]
[Black "Gordima"]
[Result "0-1"]
[WhiteElo "2554"]
[BlackElo "2775"]
[TimeControl "180+2"]
[EndTime "13:51:04 PDT"]
[Termination "Gordima won by resignation"]

1. e4 c5 2. Ne2 Nc6 3. d4 cxd4 4. Nxd4 Nf6 5. Nc3 e5 6. Ndb5 d6 7. Bg5 a6 8. Na3 b5 9. Nd5 Be7 10. Bxf6 Bxf6 11. c3 O-O 12. Nc2 Bg5 13. h4 Bh6 14. g3 Be6 15. Bg2 Rb8 16. O-O a5 17. Qd3 Kh8 18.
Rad1 f5 19. exf5 Bxf5 20. Qe2 e4 21. Nde3 Bg6 22. h5 Bf7 23. Bxe4 Ne5 24. Bd5 Bxd5 25.
Rxd5 b4 26. Rfd1 Qe8 27. f4 Nd7 28. c4 b3 29. axb3 Rxb3 30. Rxd6 Nf6 31. Qd2 Ne4 32. Rd8 Nxd2 33. Rxe8 Rxe8 34. Rxd2 Rxb2 35. Rd3 g6 36. hxg6 hxg6 37. Ra3 Ra8 38. Nd4 Bf8 39. Ra1 Bc5 40. Rd1 a4 41. Kf1 a3 42. Nec2 a2 0-1

[Event "*** Titled Tuesday Blitz"]
[Site "Chess.com"]
[Date "2019.06.04"]
[Round "4"]
[White "chesstatour"]
[Black "Aragon"]
[Result "0-1"]
[WhiteElo "2033"]
[BlackElo "2084"]
[TimeControl "180+2"]
[EndTime "13:51:04 PDT"]
[Termination "Aragon won on time"]

1. c4 e6 2. d4 d5 3. Nf3 c6 4. g3 Nf6 5. Bg2 a6 6. b3 Nbd7 7. O-O Be7 8. Bb2 O-O 9. Nc3 b5 10. Rc1 b4 11. Na4 a5 12. cxd5 cxd5 13. Ne5 Nxe5 14.
dxe5 Nd7 15. e4 Ba6 16. Re1 dxe4 17. Bxe4 Rc8 18. Bc6 Nb8 19. Be4 Rxc1 20. Qxc1 Bb5 21. Rd1 Qc8 22. Qxc8 Rxc8 23. Nb6 Rd8 24. Rxd8+ Bxd8 25. Bd4 Nc6 26. Bxc6 Bxc6 27. Nc4 a4 28. Bc5 axb3 29.
axb3 Bd5 30. Bxb4 Bc7 31. f4 f6 32. exf6 gxf6 33. Kf2 Bb8 34. Bc3 Ba7+ 35. Ke2 Bg1 36. h3 Kf7 37. Nd2 h5 38. b4 Ke7 39. Nf3 Bc4+ 40. Kd2 Bf2 41. g4 Bd5 42. Nd4 h4 43.
Ne2 Bg2 0-1

[Event "*** Titled Tuesday Blitz"]
[Site "Chess.com"]
[Date "2019.06.04"]
[Round "4"]
[White "2nd_life"]
[Black "RojonR"]
[Result "0-1"]
[WhiteElo "2538"]
[BlackElo "2397"]
[TimeControl "180+2"]
[EndTime "13:51:05 PDT"]
[Termination "RojonR won by resignation"]

1. e4 e5 2. f4 d5 3. exd5 exf4 4. Nf3 Nf6 5. Nc3 Nxd5 6. Nxd5 Qxd5 7. d4 c5 8. Bxf4 Nc6 9. Qe2+ Be6 10. c4 Qf5 11. d5 Qxf4 12. dxe6 Nd4 13. Nxd4 cxd4 14.
exf7+ Kxf7 15. Qh5+ Kf6 16. Qf3 Bb4+ 17. Kf2 Qxf3+ 18.
gxf3 Bd2 19. Bd3 Be3+ 20. Ke2 Rac8 21. b3 Rhe8 22. Be4 Rc7 23. h4 g6 24. h5 g5 25.
Kd3 Bf4 26. h6 b5 27. Rhe1 bxc4+ 28. bxc4 Rb8 29. Bd5 Rb2 30. Re6+ Kf5 31. Kxd4 Rd2+ 32. Kc3 Rxd5 0-1

[Event "*** Titled Tuesday Blitz"]
[Site "Chess.com"]
[Date "2019.06.04"]
[Round "4"]
[White "josmito10"]
[Black "TomsKantans"]
[Result "1-0"]
[WhiteElo "2763"]
[BlackElo "2541"]
[TimeControl "180+2"]
[EndTime "13:51:07 PDT"]
[Termination "josmito10 won by resignation"]

1. d4 Nf6 2. c4 g6 3. Nf3 Bg7 4.
g3 O-O 5. Bg2 d5 6. O-O c5 7.
cxd5 Qxd5 8. Nc3 Qh5 9. dxc5 Nc6 10. Bg5 Bh3 11. Bxf6 Bxf6 12. Nd5 Bxg2 13. Kxg2 Bxb2 14.
Rb1 Rfd8 15. Rxb2 Rxd5 16. Qa4 Rxc5 17. Rxb7 Qd5 18. Rd1 Qe6 19. Rd2 a5 20. Qh4 h5 21.
Rc7 Rc8 22. Ng5 Rxg5 23. Rxc8+ Qxc8 24. Qxg5 Qb7 25. Qd5 e6 26. Qe4 Qb5 27. a4 Qc5 28.
Rc2 Qb4 29. Qxc6 1-0

[Event "*** Titled Tuesday Blitz"]
[Site "Chess.com"]
[Date "2019.06.04"]
[Round "4"]
[White "Joseph_Truelson"]
[Black "TBergh98"]
[Result "1-0"]
[WhiteElo "2279"]
[BlackElo "2407"]
[TimeControl "180+2"]
[EndTime "13:51:08 PDT"]
[Termination "Joseph_Truelson won by resignation"]

1. d4 d6 2. e4 Nf6 3. Nc3 c6 4. Bf4 Qa5 5. Qd2 Nbd7 6. Nf3 e5 7. dxe5 dxe5 8. Bg5 Bb4 9. Bd3 h6 10. Bh4 Nc5 11.
Bxf6 gxf6 12. a3 Bxc3 13. Qxc3 Qxc3+ 14. bxc3 Be6 15. Nd2 O-O-O 16. Ke2 Na4 17. c4 Rhg8 18.
g3 c5 19. Nf1 b6 20. Ne3 Rd4 21. f4 Nb2 22. Rab1 Nxc4 23. c3 Rxd3 24. Kxd3 Rd8+ 25. Nd5 Bxd5 26. exd5 Nxa3 27. Ra1 Nb5 28. c4 Nc7 29. Rxa7 b5 30. Rha1 bxc4+ 31. Kxc4 e4 32. Kxc5 Rxd5+ 33. Kc6 Rd6+ 34. Kxd6 Nb5+ 1-0

[Event "*** Titled Tuesday Blitz"]
[Site "Chess.com"]
[Date "2019.06.04"]
[Round "4"]
[White "vovachesss"]
[Black "Angry_Twin"]
[Result "0-1"]
[WhiteElo "2624"]
[BlackElo "2808"]
[TimeControl "180+2"]
[EndTime "13:51:09 PDT"]
[Termination "Angry_Twin won by checkmate"]

1. c4 e5 2. Nc3 Nf6 3. Nf3 Nc6 4. d4 exd4 5. Nxd4 Bb4 6. Nxc6 bxc6 7. Bd2 O-O 8. e3 d5 9. cxd5 cxd5 10. Be2 c5 11. O-O d4 12. exd4 cxd4 13. Nb5 Bc5 14. b4 Bb6 15.
Bf3 Ba6 16. Bxa8 Bxb5 17. Bf3 Bxf1 18. Qxf1 d3 19. Rd1 Qd6 20. Bg5 Rd8 21. Bxf6 gxf6 22. Be4 d2 23. Qe2 Qxb4 24. Qg4+ Kf8 25. Qh4 Qd4 26.
h3 h5 27. Qf4 Ke7 28. Qf3 Rc8 29. Qa3+ Bc5 30. Qa6 Qxe4 31. Qxc8 Qe1+ 32. Kh2 Bd6+ 33. g3 Qxf2+ 34. Kh1 Qf3+ 35. Kg1 Qxd1+ 36. Kf2 Qe1+ 37. Kg2 Qe2+ 38. Kh1 d1=Q# 0-1

[Event "*** Titled Tuesday Blitz"]
[Site "Chess.com"]
[Date "2019.06.04"]
[Round "4"]
[White "Borsuk_Konstantin"]
[Black "LiamVrolijk"]
[Result "1/2-1/2"]
[WhiteElo "2601"]
[BlackElo "2737"]
[TimeControl "180+2"]
[EndTime "13:51:10 PDT"]
[Termination "Game drawn - insufficient material"]

1. d4 Nf6 2. c4 g6 3. Nc3 d5 4.
Nf3 Bg7 5. Bg5 Ne4 6. cxd5 Nxg5 7. Nxg5 e6 8. Nf3 exd5 9. e3 O-O 10. b4 c6 11. Bd3 Bg4 12. h3 Bxf3 13. Qxf3 Nd7 14. O-O b5 15. a4 a6 16. Ra3 Nb6 17. Rfa1 Qd6 18. Rb3 Nc4 19. Bxc4 dxc4 20. Rb2 f5 21. g3 Rfe8 22. Kg2 Qd7 23. axb5 axb5 24. Rxa8 Rxa8 25. Nxb5 Rb8 26. Nc3 Bf8 27. Na2 Qd5 28. Qxd5+ cxd5 29. b5 Kf7 30. Nc3 Ke6 31. b6 Rb7 32. Rb5 Kd6 33. Rxd5+ Kc6 34. Rb5 Rxb6 35. Rxb6+ Kxb6 36. Kf1 Ka5 37. Ke2 Kb4 38. Nd5+ Kb3 39. Kd2 c3+ 40. Nxc3 Bb4 41. Kd3 Bxc3 42. f3 Be1 43. g4 fxg4 44.
fxg4 Kb4 45. Ke4 Kb5 46. Kd5 Kb6 47. e4 Bf2 48. Ke5 Kc6 49. d5+ Kd7 50. Kf6 Kd6 51.
Kg7 g5 52. Kxh7 Ke5 53. Kg6 Be3 54. Kh5 Bf4 55. h4 gxh4 56. Kxh4 Kxe4 57. g5 Bxg5+ 58. Kxg5 Kxd5 1/2-1/2

[Event "*** Titled Tuesday Blitz"]
[Site "Chess.com"]
[Date "2019.06.04"]
[Round "4"]
[White "nitpicker"]
[Black "Jahonas"]
[Result "0-1"]
[WhiteElo "2215"]
[BlackElo "2346"]
[TimeControl "180+2"]
[EndTime "13:51:12 PDT"]
[Termination "Jahonas won on time"]

1. d4 Nf6 2. c4 g6 3. Nc3 d5 4. Nf3 Bg7 5. Qb3 dxc4 6. Qxc4 a6 7.
e4 O-O 8. e5 b5 9. Qb3 Be6 10.
Qd1 Nd5 11. Ne4 Nd7 12. Be2 Rc8 13. Nfg5 Bf5 14. g4 Bxe4 15. Nxe4 c5 16. Nxc5 Nxc5 17. dxc5 Bxe5 18. Bf3 Rxc5 19. O-O Nf4 20. Qb3 e6 21. Be3 Qh4 22. Rfe1 Rc4 23. Bb6 Bb8 24. a4 Nd5 25. Bxd5 Qxh2+ 26. Kf1 exd5 27. axb5 Qh1+ 28. Ke2 Re8+ 29.
Kd2 Bf4+ 30. Kd3 Rxe1 0-1

[Event "*** Titled Tuesday Blitz"]
[Site "Chess.com"]
[Date "2019.06.04"]
[Round "4"]
[White "OglazaOskar2005"]
[Black "NM2019"]
[Result "1-0"]
[WhiteElo "2206"]
[BlackElo "2109"]
[TimeControl "180+2"]
[EndTime "13:51:13 PDT"]
[Termination "OglazaOskar2005 won by resignation"]

1. e4 d5 2. exd5 Nf6 3. Nf3 Nxd5 4. d4 c6 5. Be2 Bg4 6. O-O e6 7.
h3 Bh5 8. c4 Nb6 9. b3 Be7 10.
Bb2 O-O 11. Nc3 a5 12. a4 Na6 13. Ne5 Bg6 14. f4 Nb4 15. Nxg6 hxg6 16. g4 c5 17. Ne4 cxd4 18. Bxd4 Nc6 19. Be3 e5 20. f5 gxf5 21.
gxf5 Nd4 22. f6 Bxf6 23. Nxf6+ gxf6 24. Bd3 Qd7 25. Bf5 Nxf5 26. Bxb6 Qxd1 27. Raxd1 Nd4 28. Bxd4 exd4 29. Rxd4 Rfd8 30. Rg4+ Kf8 31. Rxf6 Rd1+ 32. Kg2 Rad8 33. Rgf4 R8d2+ 34. Kg3 Rd3+ 35. Kh4 Rd7 36. c5 Rg1 37. Kh5 Rg3 38. h4 Rxb3 39. Kh6 Kg8 40. h5 Rg3 41. Re4 Rd8 42. Re7 Rf8 43. Rxb7 Rg4 44.
c6 Rxa4 45. Rb5 Ra8 46. c7 Rf8 47. Rg5+ Kh8 48. Rxf7 1-0

[Event "*** Titled Tuesday Blitz"]
[Site "Chess.com"]
[Date "2019.06.04"]
[Round "4"]
[White "Lagmantr"]
[Black "Jadeit90"]
[Result "1-0"]
[WhiteElo "2566"]
[BlackElo "2384"]
[TimeControl "180+2"]
[EndTime "13:51:13 PDT"]
[Termination "Lagmantr won by resignation"]

1. e4 g6 2. d4 Bg7 3. Nf3 c5 4. Nc3 cxd4 5. Nxd4 Nc6 6. Be3 Nf6 7. Bc4 O-O 8. O-O d6 9. f3 Bd7 10. Re1 a5 11. Qd2 a4 12. Rad1 a3 13. b3 Nxd4 14. Bxd4 Bc6 15. b4 Rc8 16. Bb3 b5 17. Qc1 Ra8 18. e5 dxe5 19. Bc5 Qc7 20. Qe3 Nh5 21.
Nd5 Bxd5 22. Bxd5 Ra6 23. c4 bxc4 24. Bxc4 Raa8 25. g3 e4 26. Qxe4 Nxg3 27. Qxe7 Qf4 28. Qe3 Qxc4 29. Bxf8 Nf5 30. Qe4 Qxe4 31. fxe4 Bxf8 32.
exf5 Bxb4 33. Re4 Bc5+ 34. Kg2 Kg7 35. Rd7 gxf5 36. Rc4 Be3 37. Rcc7 Rf8 38. Rc3 f4 39. Rxa3 Kf6 40. Ra6+ Ke5 41. Ra5+ Ke4 42. Re7+ Kd3 43. Kf3 Rg8 44. Rd7+ Kc2 45. Rxf7 Rg1 46. Rh5 Rf1+ 47.
Ke4 Kd2 48. Rhxh7 Ke2 49. Rf5 f3 50. Rh3 Bd2 51. Rhxf3 1-0

[Event "*** Titled Tuesday Blitz"]
[Site "Chess.com"]
[Date "2019.06.04"]
[Round "4"]
[White "nailbeshirli"]
[Black "Farrukh_Amonatov"]
[Result "0-1"]
[WhiteElo "2654"]
[BlackElo "2820"]
[TimeControl "180+2"]
[EndTime "13:51:14 PDT"]
[Termination "Farrukh_Amonatov won by resignation"]

1. e4 c5 2. Nf3 d6 3. Nc3 Nf6 4.
d4 cxd4 5. Nxd4 a6 6. Bc4 e6 7. Bb3 b5 8. O-O Be7 9. Qf3 Qc7 10. Qg3 Nc6 11. Nxc6 Qxc6 12. Re1 Bb7 13. Bg5 O-O 14. Rad1 Rad8 15. Bh6 Ne8 16. Re3 Kh8 17. Bg5 Bxg5 18. Qxg5 Qc7 19. Rh3 Nf6 20. Rg3 Rg8 21. Qh4 b4 22. Ne2 Bxe4 23. Nf4 d5 24. Rd2 h6 25. c3 a5 26. h3 Bf5 27. f3 Kh7 28.
Ne2 bxc3 29. bxc3 d4 30. Rxd4 g5 31. Rxg5 Rxg5 32. f4 Rg6 33. g4 Bxg4 0-1

[Event "*** Titled Tuesday Blitz"]
[Site "Chess.com"]
[Date "2019.06.04"]
[Round "4"]
[White "Alliswell998"]
[Black "PowerThinking2650"]
[Result "1-0"]
[WhiteElo "2414"]
[BlackElo "2356"]
[TimeControl "180+2"]
[EndTime "13:51:14 PDT"]
[Termination "Alliswell998 won by checkmate"]

1. e4 e5 2. Nf3 Nc6 3. Bc4 Nf6 4.
d3 h6 5. c3 d6 6. Bb3 g6 7. h3 Bg7 8. Nbd2 O-O 9. Nf1 Na5 10.
Bc2 c5 11. Qe2 Nh5 12. g3 Nc6 13. Ne3 f5 14. Nh4 Nf4 15. Qf3 fxe4 16. Qxe4 d5 17. Qa4 Be6 18. Bd2 g5 19. gxf4 gxf4 20. Neg2 f3 21.
Ne3 d4 22. Bb3 Qd7 23. Nef5 Kh7 24. Nxg7 Kxg7 25. O-O-O Bxb3 26. Qxb3 Na5 27. Rhg1+ Kh7 28. Qa3 b5 29. Qxa5 Rab8 30. Ng6 Rf5 31. Rde1 Re8 32. Qa6 dxc3 33. Nf8+ Rexf8 34. Qxh6# 1-0

[Event "*** Titled Tuesday Blitz"]
[Site "Chess.com"]
[Date "2019.06.04"]
[Round "4"]
[White "jmduque"]
[Black "Aknok"]
[Result "0-1"]
[WhiteElo "2374"]
[BlackElo "2425"]
[TimeControl "180+2"]
[EndTime "13:51:19 PDT"]
[Termination "Aknok won on time"]

1. e4 e6 2. d4 d5 3. Nc3 Bb4 4. a3 Bxc3+ 5. bxc3 dxe4 6. Qg4 Nf6 7. Qxg7 Rg8 8. Qh6 Rg6 9. Qh4 c5 10. Ne2 Nbd7 11.
Bg5 Qa5 12. Bd2 Qa4 13. Nf4 Rg4 14. Qh3 cxd4 15. cxd4 Qxd4 16. c3 Qe5 17. g3 Nc5 18.
Be2 Nd3+ 19. Kf1 Nxf4 20. gxf4 Qf5 21. Bxg4 Nxg4 22. Rg1 h5 23. Qh4 b6 24. h3 Nh2+ 25.
Ke2 Ba6+ 26. c4 Bxc4+ 27. Kd1 Bb3+ 28. Ke2 Qb5+ 0-1

[Event "*** Titled Tuesday Blitz"]
[Site "Chess.com"]
[Date "2019.06.04"]
[Round "4"]
[White "HansCoolNiemann"]
[Black "igorkovalenko"]
[Result "0-1"]
[WhiteElo "2703"]
[BlackElo "2891"]
[TimeControl "180+2"]
[EndTime "13:51:20 PDT"]
[Termination "igorkovalenko won by resignation"]

1. d4 Nf6 2. c4 g6 3. Nc3 Bg7 4. e4 d6 5. Be2 O-O 6. Nf3 Bg4 7. Be3 Nfd7 8. Rc1 e5 9. d5 a5 10. h3 Bxf3 11. Bxf3 f5 12. h4 f4 13. Bd2 h5 14.
g4 fxg3 15. fxg3 Nc5 16. O-O Nbd7 17. Be3 Kh7 18. Qd2 Nf6 19. b3 Qd7 20. Rb1 Qh3 21.
Qg2 Qxg2+ 22. Kxg2 Bh6 23. Bg1 Bd2 24. Nb5 Rac8 25. Rfd1 Bh6 26. Re1 b6 27. a3 Rf7 28.
b4 Nb7 29. Nc3 Bd2 30. Re3 Bxe3 31. Bxe3 axb4 32. axb4 Ra8 33. Be2 Ra3 34. Bd2 Kg7 35.
Bd1 Nd8 36. c5 bxc5 37. bxc5 Rxc3 38. Bxc3 Nxe4 39. Be1 Nxc5 40. Rb8 Ndb7 41. Rc8 Nd3 42. Bc3 Nbc5 43. Bf3 Na4 44. Ba1 Ne1+ 0-1

[Event "*** Titled Tuesday Blitz"]
[Site "Chess.com"]
[Date "2019.06.04"]
[Round "4"]
[White "Gentlejimmy7"]
[Black "Raja3401"]
[Result "1-0"]
[WhiteElo "2530"]
[BlackElo "2722"]
[TimeControl "180+2"]
[EndTime "13:51:20 PDT"]
[Termination "Gentlejimmy7 won by resignation"]

1. d4 Nf6 2. Nf3 e6 3. g3 d5 4.
Bg2 Be7 5. O-O O-O 6. c4 dxc4 7. Qc2 b6 8. Ne5 Qxd4 9. Nxc4 Nd5 10. Rd1 Qf6 11. Nc3 Nxc3 12. bxc3 c6 13. a4 Bb7 14.
Bf4 Na6 15. Be5 Qh6 16. Rd7 Nc5 17. Rxe7 Ba6 18. Nd6 Qg5 19. Nf5 exf5 20. Bd6 Rad8 21. Bxc5 bxc5 22. Rxa7 Rd2 23. Qc1 Bxe2 24. Rd7 Rd8 25. f4 R2xd7 26. fxg5 Rd1+ 27. Qxd1 Bxd1 28. Bxc6 Bc2 29. a5 Be4 30. Bxe4 fxe4 31. Kf2 f5 32. gxf6 gxf6 33. a6 Kf7 34. a7 Ra8 35. Ke3 f5 36.
Ra6 c4 37. Kd4 h5 38. Kxc4 h4 39. Kd4 hxg3 40. hxg3 Ke7 41. Kc5 e3 42. Kb6 e2 43.
Ra1 Rd8 44. Re1 Rd6+ 45. Kb5 Rd5+ 46. Kb4 Rd8 47. Rxe2+ Kf6 48. Ra2 Kg5 49. a8=Q 1-0

[Event "*** Titled Tuesday Blitz"]
[Site "Chess.com"]
[Date "2019.06.04"]
[Round "4"]
[White "RaphCamora"]
[Black "GelmanAlexander"]
[Result "0-1"]
[WhiteElo "2449"]
[BlackElo "2599"]
[TimeControl "180+2"]
[EndTime "13:51:20 PDT"]
[Termination "GelmanAlexander won on time"]

1. e4 c5 2. Nf3 e6 3. d4 cxd4 4. Nxd4 d6 5. Nc3 a6 6. g4 b5 7. a3 Bb7 8. Bg2 Ne7 9. h4 Nbc6 10. Nb3 Ne5 11. f4 Nc4 12. Qe2 Qb6 13. a4 Rc8 14.
axb5 axb5 15. Rh3 h5 16. g5 Ng6 17. Kf1 Be7 18. Qf2 b4 19. Na4 Qc7 20. Bf3 e5 21. f5 Nf4 22. Bxf4 exf4 23. Kg1 Ne5 24. Nd4 O-O 25. f6 Bd8 26. fxg7 Re8 27. Nf5 Nxf3+ 28.
Qxf3 Bxe4 29. Qxh5 Qa7+ 0-1

[Event "*** Titled Tuesday Blitz"]
[Site "Chess.com"]
[Date "2019.06.04"]
[Round "4"]
[White "Gabix_94"]
[Black "rasmussvane"]
[Result "0-1"]
[WhiteElo "2649"]
[BlackElo "2877"]
[TimeControl "180+2"]
[EndTime "13:51:23 PDT"]
[Termination "rasmussvane won by resignation"]

1. Nf3 d5 2. g3 g6 3. Bg2 Bg7 4. d4 Nf6 5. O-O O-O 6. c4 dxc4 7. Na3 c5 8. dxc5 c3 9. Qb3 cxb2 10. Bxb2 Nc6 11. Rfd1 Qa5 12. Rac1 Rb8 13. Nd4 Nxd4 14. Bxd4 Be6 15. Qb2 b5 16. Be5 Nh5 17. Bxg7 Nxg7 18.
c6 Rfc8 19. Rc5 a6 20. Qc1 Rc7 21. Nc2 Qxa2 22. Nb4 Qa5 23. Qf4 Rbc8 24. h4 h5 25.
Qd4 Bb3 26. Ra1 Ne6 27. Rxa5 Nxd4 28. Nxa6 Ra7 29. e3 Ne6 30. Rcxb5 Bc4 31. Rb6 Nc7 32.
Bf1 Bxa6 33. Bxa6 Rca8 34. Rb7 Rxa6 35. Re5 Rxc6 36. Rxe7 Rc8 37. Kg2 Kf8 38. Rd7 Ke8 39. Rd1 Rd8 40. Ra1 Rd7 41. Raa7 Ke7 42. Kf3 Rc2 43. Ke4 Kd6 44. f3 Re7+ 45. Kf4 Ne6+ 46. Ke4 Rxb7 47. Rxb7 Nc5+ 0-1

[Event "*** Titled Tuesday Blitz"]
[Site "Chess.com"]
[Date "2019.06.04"]
[Round "4"]
[White "KNVB"]
[Black "Dr-Bassem"]
[Result "0-1"]
[WhiteElo "2708"]
[BlackElo "2853"]
[TimeControl "180+2"]
[EndTime "13:51:30 PDT"]
[Termination "Dr-Bassem won by resignation"]

1. c4 f5 2. d4 Nf6 3. h4 e6 4. g3 Bb4+ 5. Bd2 Qe7 6. Bg2 O-O 7. Nh3 Nc6 8. O-O Bxd2 9. Qxd2 d6 10. d5 Ne5 11. b3 c6 12. Nc3 exd5 13. cxd5 c5 14. Nf4 Bd7 15. a4 Rfe8 16. Rfe1 Rab8 17. e4 fxe4 18.
Nxe4 Nxe4 19. Rxe4 Bf5 20. Re3 b5 21. axb5 Rxb5 22.
Ne6 Bxe6 23. dxe6 c4 24. Qd4 cxb3 25. Rb1 Reb8 26. Bd5 a5 27. Kg2 a4 28. f4 Ng4 29.
Rc3 Nf6 30. Bc4 Rc5 31. Qd3 Rbc8 32. Rbc1 b2 33. Re1 d5 34. Ba2 Rxc3 0-1

[Event "*** Titled Tuesday Blitz"]
[Site "Chess.com"]
[Date "2019.06.04"]
[Round "4"]
[White "mikhaillushenkov"]
[Black "ChainsOfFantasia"]
[Result "1-0"]
[WhiteElo "2726"]
[BlackElo "2502"]
[TimeControl "180+2"]
[EndTime "13:51:30 PDT"]
[Termination "mikhaillushenkov won by resignation"]

1. Nf3 Nf6 2. c4 e6 3. Nc3 d5 4.
d4 dxc4 5. e3 c5 6. Bxc4 a6 7.
Bd3 Nc6 8. O-O Be7 9. a3 O-O 10. Bc2 cxd4 11. exd4 b5 12. Bg5 h6 13. Bh4 Bb7 14. Qd3 g6 15. Rfe1 Nd5 16. Bg3 Bf6 17. Rxe6 Ncb4 18. axb4 Nxb4 19. Qd2 Nxc2 20. Rd6 Nxa1 21.
Rxd8 Raxd8 22. Qd1 Bxf3 23. gxf3 Rxd4 24. Qxa1 h5 25.
Qxa6 Bg7 26. Qxb5 h4 27. Be5 Bxe5 28. Qxe5 Rfd8 29. Kg2 Rd2 30. Ne4 Rc2 31. Nf6+ Kf8 32. Nd5 Kg8 33. Ne7+ Kh7 34. Qf4 h3+ 35. Kxh3 Kg7 36.
Kg3 Rdd2 37. Qe5+ f6 38. Qe4 Rxf2 39. Qxg6+ Kf8 40. Qxf6+ Ke8 41. Nf5 Rg2+ 42. Kf4 Kd7 43. Qd6+ Kc8 44. Ne7+ Kb7 45. Qb4+ Kc7 46. Nd5+ Kd7 47.
Ne3 Rxb2 48. Qd4+ Ke6 49. Nxg2 Rxg2 50. h4 Rd2 1-0

[Event "*** Titled Tuesday Blitz"]
[Site "Chess.com"]
[Date "2019.06.04"]
[Round "4"]
[White "Drags95"]
[Black "Berardino"]
[Result "1-0"]
[WhiteElo "2793"]
[BlackElo "2550"]
[TimeControl "180+2"]
[EndTime "13:51:35 PDT"]
[Termination "Drags95 won by resignation"]

1. e4 e5 2. Nf3 Nc6 3. Bc4 Bc5 4.
O-O d6 5. d3 h6 6. c3 Qf6 7.
Be3 Nge7 8. b4 Bb6 9. a4 a5 10. Bxb6 cxb6 11. b5 Nd8 12. Nbd2 g5 13. Bb3 Be6 14.
Nc4 Bxc4 15. Bxc4 Ne6 16. Bxe6 Qxe6 17. Nd2 O-O 18. Nc4 d5 19. exd5 Nxd5 20. Re1 f6 21.
Qf3 Rac8 22. g3 Rf7 23. Rac1 Kg7 24. Qe2 Rfc7 25. Qe4 Ne7 26. f4 gxf4 27. gxf4 Rxc4 28. dxc4 Rxc4 29. Qg2+ Kh8 30. Kh1 Rxf4 31. Rg1 Qf7 32. Qxb7 Rh4 33. Rcd1 Kh7 34. Rd7 Rxh2+ 35. Kxh2 Qh5+ 36.
Kg3 Qg5+ 37. Kf2 Qh4+ 38. Rg3 1-0

[Event "*** Titled Tuesday Blitz"]
[Site "Chess.com"]
[Date "2019.06.04"]
[Round "4"]
[White "26andrej26"]
[Black "ruvat"]
[Result "1/2-1/2"]
[WhiteElo "2516"]
[BlackElo "2372"]
[TimeControl "180+2"]
[EndTime "13:51:35 PDT"]
[Termination "Game drawn by repetition"]

1. e4 d6 2. d4 Nf6 3. Nc3 g6 4. f4 Bg7 5. e5 Nfd7 6. Nf3 c5 7. e6 fxe6 8. h4 cxd4 9. Nxd4 Nc5 10. h5 Nc6 11. Nxc6 bxc6 12. hxg6 hxg6 13. Rxh8+ Bxh8 14. Qg4 Kf7 15. Bd2 Bf6 16. O-O-O e5 17. Qf3 Kg8 18.
Qxc6 Bb7 19. Qb5 Rb8 20. Qc4+ Kg7 21. fxe5 Bxe5 22. Qh4 Bf6 23. Qh6+ Kf7 24. Bc4+ d5 25. Qh7+ Ke6 26. Be3 Qh8 27. Qxg6 dxc4 28. Qg4+ Kf7 29. Qxc4+ Kf8 30. Bxc5 Bxg2 31. a3 Bxc3 32. bxc3 Qh6+ 33. Rd2 Qh1+ 34. Rd1 Qh6+ 35. Rd2 Qh1+ 36. Rd1 Qh6+ 1/2-1/2

[Event "*** Titled Tuesday Blitz"]
[Site "Chess.com"]
[Date "2019.06.04"]
[Round "4"]
[White "Chesska7"]
[Black "Komissarov_alex"]
[Result "1-0"]
[WhiteElo "2111"]
[BlackElo "2102"]
[TimeControl "180+2"]
[EndTime "13:51:37 PDT"]
[Termination "Chesska7 won on time"]

1. d4 Nf6 2. Nc3 d5 3. Bf4 g6 4.
e3 Bg7 5. Nb5 Na6 6. a3 O-O 7.
Nf3 Bd7 8. h3 c5 9. c3 Ne4 10.
a4 cxd4 11. exd4 f6 12. Qb3 Re8 13. Qxd5+ Kh8 14. Qxe4 e5 15. dxe5 Bc6 16. Qd3 fxe5 17. Qxd8 Raxd8 18. Be3 e4 19. Nfd4 Bd5 20. Be2 Nc5 21.
Nc7 Re7 22. Bg5 Rxc7 23. Bxd8 Rd7 24. Bg5 Nd3+ 25. Bxd3 exd3 26. Be3 Bxg2 27. Rg1 Bxh3 28. Kd2 Bf5 29. Nxf5 gxf5 30. Rg5 Bh6 31. Rxf5 Bxe3+ 32. Kxe3 Re7+ 33. Kxd3 Rd7+ 34. Ke4 Re7+ 35. Re5 Rf7 36. f4 1-0

[Event "*** Titled Tuesday Blitz"]
[Site "Chess.com"]
[Date "2019.06.04"]
[Round "4"]
[White "Mischuk_D"]
[Black "Taron_Shagbazyan"]
[Result "1-0"]
[WhiteElo "2711"]
[BlackElo "2722"]
[TimeControl "180+2"]
[EndTime "13:51:38 PDT"]
[Termination "Mischuk_D won by resignation"]

1. d4 Nf6 2. c4 e6 3. Nf3 b6 4. Bf4 Bb7 5. e3 d6 6. Nc3 Nbd7 7. h3 g6 8. Be2 Bg7 9. O-O O-O 10. Qc2 Re8 11. Rfd1 a6 12. Rac1 Qe7 13. Bh2 Rac8 14. b4 e5 15. d5 c6 16. dxc6 Bxc6 17. Qb3 Nb8 18. Rd2 Red8 19. Rcd1 Ne4 20. Nxe4 Bxe4 21. Ne1 Qc7 22. a3 h5 23. Bg3 Bf6 24. Nf3 Kg7 25.
h4 Qc6 26. Bf1 Bf5 27. Ng5 Kg8 28. c5 Bxg5 29. Rxd6 Rxd6 30. Rxd6 Qe4 31. hxg5 bxc5 32. bxc5 Nd7 33. f3 Qa8 34. e4 Nxc5 35. Qd5 Qxd5 36. Rxd5 Be6 37. Rxe5 Rc6 38. Bf2 Nb3 39. Be3 Rc3 40.
Kf2 Rc2+ 41. Kg3 Rc3 42. Bf4 Nd4 43. Ra5 Rc2 44. Rxa6 h4+ 45. Kxh4 Rf2 46. Ra8+ Kh7 47. Be5 f6 48. Bxf6 Bg8 49. Ra7+ 1-0

[Event "*** Titled Tuesday Blitz"]
[Site "Chess.com"]
[Date "2019.06.04"]
[Round "4"]
[White "severomorskij"]
[Black "FedaMaster"]
[Result "1-0"]
[WhiteElo "2786"]
[BlackElo "2574"]
[TimeControl "180+2"]
[EndTime "13:51:40 PDT"]
[Termination "severomorskij won by checkmate"]

1. d4 Nf6 2. Bg5 d5 3. Nd2 g6 4. e3 Bg7 5. Ngf3 Ne4 6. Nxe4 dxe4 7. Nd2 c5 8. c3 cxd4 9. cxd4 Qa5 10. Bf4 e5 11. Bxe5 Bxe5 12. dxe5 O-O 13. Be2 Rd8 14. Qc2 Nc6 15. Rd1 Nb4 16. Qc3 Bg4 17. Bxg4 Rd3 18. Qc4 b5 19. Qxe4 Nc2+ 20. Ke2 Rad8 21. Nb3 Qxa2 22.
Rxd3 Rxd3 23. Qxd3 Qxb2 24. Nd2 Nb4 25. Qd8+ Kg7 26.
Qd4 Qa3 27. e6+ f6 28. Ra1 Na2 29. e7 Nc3+ 30. Kf3 Qxa1 31. e8=Q Qd1+ 32. Kg3 Ne2+ 33. Bxe2 Qxe2 34. Qe7+ Kh6 35. Qf4+ Kh5 36. Qh4# 1-0

[Event "*** Titled Tuesday Blitz"]
[Site "Chess.com"]
[Date "2019.06.04"]
[Round "4"]
[White "CzechmVIII"]
[Black "aa175"]
[Result "0-1"]
[WhiteElo "2084"]
[BlackElo "2007"]
[TimeControl "180+2"]
[EndTime "13:51:41 PDT"]
[Termination "aa175 won by checkmate"]

1. e4 e5 2. Nf3 f5 3. Nxe5 Nc6 4. d4 fxe4 5. Qh5+ g6 6. Nxc6 bxc6 7. Qe5+ Kf7 8. Qxh8 Nf6 9. Bg5 Bb4+ 10. c3 Bxc3+ 11. Nxc3 Qxh8 12. Bc4+ d5 13. Bb3 c5 14. dxc5 c6 15. O-O h6 16. Be3 Ba6 17. Rfe1 Rd8 18. Bd4 Kf8 19. f3 exf3 20. Re3 f2+ 21. Kh1 f1=Q+ 22.
Rxf1 Bxf1 23. Rf3 Ke7 24. Bxf6+ Qxf6 25. Rxf6 Kxf6 26. Kg1 Bc4 27. Bxc4 dxc4 28. Ne4+ Ke5 29. Nd6 Kd4 30. b4 c3 31. b5 c2 32. h3 c1=Q+ 33.
Kh2 Qf4+ 34. Kh1 Rxd6 35. cxd6 Qxd6 36. bxc6 Qxc6 37. Kh2 Ke3 38. a4 Kf2 39. a5 Qa6 40. h4 Qxa5 41. h5 Qb6 42. hxg6 Qb7 43. Kh3 Qxg2+ 44. Kh4 Qg5+ 45. Kh3 Qxg6 46. Kh4 Qg5+ 47. Kh3 a5 48. Kh2 a4 49. Kh3 a3 50. Kh2 a2 51.
Kh3 a1=Q 52. Kh2 Qag7 53. Kh3 Qg3# 0-1